AoeStats
← Oldspice

Hideout

503248172Analyzed
4v4 RM · 1mo ago on Aug 30, 2026· 47m 29s· 8 players
Game mode
Random Map
Map size
Large (8 player)
Population
200
Speed
Normal
Resources
Standard
Victory
Conquest
Starting age
Dark Age
Ending age
Imperial Age
RankedLock teamsTeams togetherTeam positionsShared explorationLock speedFull tech treeHidden civsTurbo modeCheats
Victory
Defeat
🇺🇸 Inca · United States
1518
+16
🇨🇴 Persians · Colombia
1512
+16
🇪🇸 Tupi · Spain
1475
+18
🇵🇪 Poles · Peru
1475
+18
🇦🇷 Teutons · Argentina
1576
-20
🇦🇷 Khmer · Argentina
1531
-18
🇦🇷 Lithuanians · Argentina
1488
-16
🇨🇿 Romans · Czechia
1474
-15
Oldspice
9:44 Feudal Age
8:13 Loom
9:59 Champi Runner
12:09 Arson
12:48 Fletching
14:35 Horse Collar
18:05 Double-Bit Axe
24:06 Castle Age
27:08 Gold Mining
28:29 Scale Mail Armor
30:34 Bow Saw
38:31 Wheelbarrow
38:42 Heavy Plow
38:52 Padded Archer Armor
44:43 Imperial Age
43:33 Andean Sling
43:44 Thumb Ring
44:57 Chain Mail Armor
44:52 Forging
45:38 Leather Archer Armor
45:58 Ballistics
45:44 Onager
47:30 Fabric Shields
49:03 Chemistry
dialchacri
10:14 Feudal Age
14:57 Castle Age
13:25 Double-Bit Axe
13:50 Horse Collar
15:00 Scale Barding Armor
17:56 Loom
21:27 Forging
22:29 Bow Saw
23:07 Bloodlines
24:47 Wheelbarrow
24:47 Chain Barding Armor
26:08 Town Watch
27:22 Husbandry
30:57 Iron Casting
34:04 Imperial Age
31:59 Hand Cart
35:30 Chemistry
35:06 Plate Barding Armor
35:32 Blast Furnace
34:30 Cavalier
35:14 Heavy Camel Rider
36:43 Conscription
39:41 Savar
45:17 Light Cavalry
46:57 Heavy Plow
47:05 Hussar
Don Roscon
8:59 Feudal Age
11:26 Loom
16:19 Horse Collar
16:58 Double-Bit Axe
20:29 Fletching
24:50 Castle Age
23:10 Stone Mining
23:17 Gold Mining
26:31 Bow Saw
26:26 Heavy Plow
26:27 Bodkin Arrow
29:17 Town Watch
30:11 Gold Shaft Mining
35:01 Padded Archer Armor
35:24 Ballistics
38:01 Imperial Age
39:06 Wheelbarrow
38:55 Bracer
39:57 Chemistry
40:01 Curare
40:20 Elite Blackwood Archer
41:35 Conscription
46:49 Elite Skirmisher
CTM | KLIN
10:31 Feudal Age
11:41 Loom
14:41 Castle Age
13:12 Horse Collar
13:20 Double-Bit Axe
18:07 Bow Saw
23:48 Heavy Plow
25:34 Wheelbarrow
25:16 Town Watch
29:48 Imperial Age
27:50 Husbandry
28:01 Bloodlines
28:08 Forging
28:24 Gold Mining
28:43 Szlachta Privileges
30:06 Iron Casting
29:37 Scale Barding Armor
30:13 Hand Cart
30:00 Cavalier
32:22 Blast Furnace
34:55 Scale Mail Armor
35:18 Chain Barding Armor
37:21 Crop Rotation
36:42 Onager
40:24 Town Patrol
Datel
6:24 Loom
8:50 Feudal Age
9:18 Double-Bit Axe
9:17 Man-at-Arms
17:39 Horse Collar
20:01 Castle Age
21:08 Bow Saw
25:46 Gold Mining
25:48 Stone Mining
34:17 Imperial Age
31:24 Pikeman
32:05 Squires
32:07 Scale Mail Armor
32:18 Forging
31:34 Long Swordsman
32:26 Forging
33:12 Wheelbarrow
33:14 Scale Barding Armor
32:58 Pikeman
34:23 Chain Mail Armor
35:56 Masonry
36:35 Iron Casting
36:23 Conscription
35:53 Legionary
38:03 Architecture
37:46 Halberdier
abija
6:11 Loom
8:54 Feudal Age
9:57 Double-Bit Axe
10:33 Horse Collar
14:40 Wheelbarrow
16:40 Town Watch
19:38 Castle Age
17:40 Gold Mining
19:16 Scale Barding Armor
20:23 Bloodlines
20:33 Husbandry
20:45 Forging
20:51 Bow Saw
24:01 Chain Barding Armor
29:15 Iron Casting
29:57 Heavy Plow
34:24 Hand Cart
38:42 Imperial Age
38:14 Fletching
39:02 Ballistics
38:47 Cavalier
40:35 Plate Barding Armor
Marcusscus
7:26 Loom
9:39 Feudal Age
11:59 Fletching
14:02 Double-Bit Axe
15:16 Horse Collar
17:59 Wheelbarrow
17:20 Gold Mining
21:28 Castle Age
19:24 Stone Mining
22:28 Hand Cart
23:57 Bow Saw
28:51 Imperial Age
28:56 Scale Mail Armor
29:06 Forging
32:58 Chemistry
33:38 Fortified Wall
33:54 Gambesons
34:10 Squires
33:55 Arson
39:06 Heavy Plow
38:53 Town Watch
39:47 Chain Mail Armor
40:07 Iron Casting
40:20 Elite Skirmisher
45:15 Conscription
45:06 Scale Barding Armor
Mono Manco
9:43 Feudal Age
13:11 Castle Age
11:37 Double-Bit Axe
12:12 Horse Collar
17:31 Loom
20:40 Wheelbarrow
20:27 Bow Saw
20:33 Heavy Plow
25:13 Town Watch
30:03 Imperial Age
29:06 Fletching
29:44 Bodkin Arrow
31:09 Hand Cart
31:03 Bracer
31:04 Light Cavalry
31:45 Husbandry
34:11 Bloodlines
34:37 Ballistics
35:29 Forging
35:24 Scale Barding Armor
35:29 Forging
35:37 Murder Holes
37:21 Chain Barding Armor
37:36 Iron Casting
38:24 Crop Rotation
40:43 Blast Furnace
40:30 Plate Barding Armor
40:54 Hussar
44:23 Chemistry
Connection lost

Rejoining the realm…

Still unreachable

The connection could not be restored.

Session expired

The server has moved on; the page needs a fresh start.